AoeStats
← Huskarls4

Hill Fort

504582354Analyzed
4v4 RM · 2mo ago on Sep 5, 2026· 107m 17s· 8 players
Game mode
Random Map
Map size
Large (8 player)
Population
200
Speed
Normal
Resources
Standard
Victory
Conquest
Starting age
Dark Age
Ending age
Imperial Age
RankedLock teamsTeams togetherTeam positionsShared explorationLock speedFull tech treeHidden civsTurbo modeCheats
Victory
Defeat
🇫🇷 Inca · France
1466
+15
🇩🇿 Khitans · Algeria
1465
+15
🇲🇽 Tatars · Mexico
1464
+15
🇲🇽 Georgians · Mexico
1444
+16
vs
🇭🇰 Wu · Hong Kong SAR China
1513
-18
🇸🇰 Tupi · Slovakia
1450
-16
🇬🇧 Persians · United Kingdom
1423
-14
🇲🇽 Byzantines · Mexico
1395
-13
YuF
11:11 Feudal Age
12:38 Loom
15:29 Castle Age
14:09 Horse Collar
16:17 Heavy Plow
18:48 Wheelbarrow
18:25 Double-Bit Axe
21:18 Bow Saw
23:23 Hand Cart
23:19 Gold Mining
24:47 Stone Mining
26:35 Gold Shaft Mining
28:51 Town Watch
29:52 Treadmill Crane
30:58 Ballistics
30:30 Fletching
31:17 Town Patrol
34:45 Imperial Age
32:19 Bodkin Arrow
32:56 Silk Armor
32:58 Husbandry
33:10 Bloodlines
33:02 Padded Archer Armor
34:19 Leather Archer Armor
35:48 Conscription
35:30 Bracer
36:01 Ring Archer Armor
36:32 Chemistry
34:53 Heavy Cavalry Archer
36:16 Crop Rotation
35:30 Light Cavalry
36:46 Scale Barding Armor
37:34 Forging
37:47 Chain Barding Armor
39:42 Plate Barding Armor
39:44 Iron Casting
39:37 Timurid Siegecraft
39:21 Hussar
40:12 Siege Engineers
41:25 Blast Furnace
41:46 Masonry
44:13 Elite Keshik
46:01 Murder Holes
56:03 Guilds
57:01 Caravan
71:57 Scale Mail Armor
75:20 Elite Steppe Lancer
malathrock
6:35 Loom
8:53 Feudal Age
9:54 Double-Bit Axe
11:30 Horse Collar
18:05 Gold Mining
21:41 Castle Age
20:00 Fletching
21:04 Padded Archer Armor
21:48 Crossbowman
22:24 Bodkin Arrow
22:15 Elite Skirmisher
22:59 Town Watch
23:27 Thumb Ring
25:27 Ballistics
27:04 Wheelbarrow
33:28 Imperial Age
32:24 Hand Cart
32:48 Leather Archer Armor
33:36 Heavy Plow
33:51 Bow Saw
34:25 Gold Shaft Mining
34:38 Bracer
35:05 Arbalester
37:31 Ring Archer Armor
39:23 Chemistry
39:05 Elite Skirmisher
40:25 Conscription
40:07 Caravan
40:38 Treadmill Crane
41:42 Andean Sling
42:09 Fabric Shields
42:20 Squires
42:05 Arson
41:41 Champi Runner
43:38 Champi Warrior
44:21 Scale Mail Armor
44:31 Forging
44:35 Fortified Wall
46:14 Elite Champi Warrior
48:39 Crop Rotation
53:53 Chain Mail Armor
54:13 Iron Casting
56:22 Plate Mail Armor
56:38 Iron Casting
61:23 Pikeman
62:20 Town Patrol
64:40 Coinage
67:15 Banking
68:40 Blast Furnace
68:56 Halberdier
94:04 Capped Ram
94:59 Siege Ram
101:22 Masonry
101:10 Murder Holes
Jozzif
10:03 Feudal Age
11:38 Loom
15:40 Castle Age
13:59 Domestication
14:22 Double-Bit Axe
16:48 Bow Saw
17:46 Pastoralism
22:53 Fletching
24:19 Wheelbarrow
24:42 Bodkin Arrow
25:25 Padded Archer Armor
26:22 Leather Archer Armor
26:43 Hand Cart
26:15 Town Watch
27:06 Ballistics
31:58 Imperial Age
29:44 Gold Mining
29:36 Treadmill Crane
30:41 Heavy Cavalry Archer
32:00 Thumb Ring
31:57 Husbandry
32:42 Bracer
33:51 Chemistry
34:05 Parthian Tactics
34:12 Ring Archer Armor
34:12 Elite Skirmisher
36:33 Two-Man Saw
36:04 Transhumance
37:29 Scale Barding Armor
37:35 Forging
38:41 Chain Barding Armor
37:43 Light Cavalry
39:15 Scale Mail Armor
39:50 Iron Casting
39:24 Hussar
41:45 Plate Barding Armor
41:29 Stone Mining
41:51 Masonry
41:40 Heavy Camel Rider
45:24 Conscription
47:16 Lamellar Armor
50:18 Chain Mail Armor
51:32 Plate Mail Armor
53:54 Caravan
54:25 Coinage
58:35 Ordo Cavalry
65:36 Banking
65:17 Guilds
65:12 Elite Liao Dao
66:13 Squires
66:11 Capped Ram
66:43 Pikeman
66:48 Elite Fire Lancer
67:37 Demolition Ship
70:27 Siege Ram
73:17 Arson
73:18 Gambesons
81:05 Pikeman
85:33 Fortified Wall
89:03 Elite Steppe Lancer
93:15 Town Patrol
99:32 Siege Engineers
99:31 Murder Holes
102:00 Stone Shaft Mining
101:18 Heated Shot
CTM Nitto
10:45 Feudal Age
15:15 Castle Age
13:51 Double-Bit Axe
13:57 Horse Collar
14:38 Gold Mining
15:32 Loom
17:40 Bow Saw
20:27 Heavy Plow
23:19 Wheelbarrow
24:15 Scale Barding Armor
24:20 Forging
25:20 Hand Cart
25:52 Bloodlines
26:40 Forging
27:38 Chain Barding Armor
27:37 Stone Mining
29:36 Iron Casting
35:23 Imperial Age
32:42 Town Watch
35:33 Cavalier
36:14 Husbandry
36:55 Plate Barding Armor
37:20 Blast Furnace
36:20 Fletching
42:16 Bodkin Arrow
42:06 Pikeman
42:46 Squires
42:49 Scale Mail Armor
43:34 Halberdier
45:27 Conscription
46:59 Chain Mail Armor
47:44 Blast Furnace
47:55 Man-at-Arms
47:58 Light Cavalry
50:52 Hussar
54:38 Plate Mail Armor
54:21 Capped Ram
59:22 Crop Rotation
70:26 Caravan
72:48 Aznauri Cavalry
73:01 Arson
81:38 Elite Monaspa
92:11 Elite Skirmisher
92:53 Bracer
93:15 Padded Archer Armor
102:28 Leather Archer Armor
106:09 Chemistry
105:29 Ballistics
Huskarls4
10:02 Feudal Age
17:11 Castle Age
15:15 Horse Collar
16:08 Scale Barding Armor
17:19 Forging
21:00 Double-Bit Axe
24:57 Bow Saw
27:34 Gold Mining
28:21 Bloodlines
29:57 Wheelbarrow
29:43 Loom
29:44 Town Watch
30:56 Heavy Plow
31:20 Chain Barding Armor
31:13 Husbandry
32:07 Iron Casting
32:34 Hand Cart
32:58 Stone Mining
37:11 Imperial Age
36:57 Cavalier
38:33 Plate Barding Armor
38:35 Fletching
39:18 Conscription
39:09 Light Cavalry
41:18 Blast Furnace
40:29 Savar
41:44 Bodkin Arrow
42:53 Chemistry
42:04 Masonry
43:18 Sappers
44:52 Ballistics
45:03 Architecture
44:39 Hussar
48:14 Crop Rotation
51:40 Caravan
51:55 Guilds
78:19 Two-Man Saw
90:03 Capped Ram
cquonck
5:17 Loom
11:34 Feudal Age
12:34 Double-Bit Axe
17:42 Castle Age
15:52 Horse Collar
19:02 Bow Saw
19:18 Heavy Plow
20:20 Wheelbarrow
21:08 Crossbowman
22:28 Fletching
23:37 Gold Mining
27:10 Gold Shaft Mining
29:59 Imperial Age
28:17 Hand Cart
29:19 Ballistics
29:08 Bodkin Arrow
28:46 Elite Skirmisher
29:22 Pikeman
30:22 Stone Mining
30:22 Arbalester
32:35 Bracer
32:36 Padded Archer Armor
33:02 Halberdier
36:28 Chemistry
35:35 Squires
35:21 Gambesons
37:23 Leather Archer Armor
38:53 Conscription
39:17 Ring Archer Armor
40:27 Thumb Ring
40:27 Scale Mail Armor
40:38 Forging
41:33 Chain Mail Armor
40:44 Capped Ram
41:47 Arson
42:38 Iron Casting
44:25 Plate Mail Armor
44:37 Siege Ram
46:45 Scale Barding Armor
50:19 Two-Man Saw
49:51 Crop Rotation
63:32 Caravan
65:28 Light Cavalry
66:08 Husbandry
66:17 Hussar
67:19 Chain Barding Armor
69:01 Plate Barding Armor
72:41 Murder Holes
77:26 Bombard Tower
76:47 Treadmill Crane
81:52 Fortified Wall
90:36 Elite Cataphract
91:34 Logistica
92:29 Hoardings
91:24 Man-at-Arms
94:47 Long Swordsman
95:55 Two-Handed Swordsman
97:45 Champion
feshark
10:01 Feudal Age
11:38 Loom
14:03 Castle Age
13:31 Double-Bit Axe
13:52 Town Watch
15:07 Fletching
19:55 Horse Collar
21:27 Bodkin Arrow
22:52 Wheelbarrow
24:38 Padded Archer Armor
25:41 Leather Archer Armor
27:58 Ballistics
35:37 Imperial Age
33:33 Treadmill Crane
36:44 Hand Cart
36:30 Heavy Plow
36:41 Bow Saw
36:03 Elite Blackwood Archer
37:47 Conscription
39:11 Bracer
39:48 Ring Archer Armor
40:43 Chemistry
40:45 Hoardings
41:20 Two-Man Saw
40:10 Gold Mining
42:07 Murder Holes
41:58 Arrowslits
44:46 Elite Skirmisher
46:34 Gold Shaft Mining
45:50 Stone Mining
46:02 Caravan
52:28 Onager
53:41 Curare
54:44 Squires
67:47 Pikeman
67:51 Elite Ibirapema Warrior
68:33 Scale Mail Armor
68:55 Forging
68:35 Arson
71:14 Chain Mail Armor
72:15 Iron Casting
73:55 Plate Mail Armor
74:40 Capped Ram
81:08 Siege Ram
83:35 Halberdier
85:32 Champi Runner
86:23 Champi Warrior
87:15 Elite Champi Warrior
103:27 Caciques
OmegaJ256
8:52 Feudal Age
9:30 Double-Bit Axe
11:12 Loom
13:18 Fishing Lines
20:35 Castle Age
19:02 Gold Mining
20:12 Scale Barding Armor
21:42 Chain Barding Armor
21:35 Bloodlines
21:39 Bow Saw
22:31 Gold Shaft Mining
22:30 Forging
22:41 Gillnets
23:27 Wheelbarrow
22:46 Light Cavalry
23:37 Horse Collar
25:32 Husbandry
32:59 Imperial Age
32:22 Iron Casting
33:01 Heavy Hei Guang Cavalry
34:17 Plate Barding Armor
35:07 Blast Furnace
38:04 Fletching
39:24 Light Cavalry
41:22 Gold Shaft Mining
42:36 Caravan
42:50 Bodkin Arrow
44:36 Elite Fire Archer
45:38 Conscription
45:21 Bracer
46:22 Chemistry
45:43 Ballistics
47:07 Padded Archer Armor
50:36 Hand Cart
53:58 Heavy Plow
55:00 Red Cliffs Tactics
55:29 Masonry
56:36 Leather Archer Armor
56:03 Pikeman
56:43 Squires
56:45 Scale Mail Armor
60:01 Halberdier
63:12 Chain Mail Armor
64:16 Man-at-Arms
65:05 Long Swordsman
66:55 Plate Mail Armor
65:58 Two-Handed Swordsman
66:30 Town Watch
67:36 Arson
67:15 Champion
74:06 Hussar
75:03 Guilds
Connection lost

Rejoining the realm…

Still unreachable

The connection could not be restored.

Session expired

The server has moved on; the page needs a fresh start.